 Dungeon Crawl Stone Soup version 0.28-a0-1518-gbe868bca14 (webtiles) character file.

Game seed: 16021693551469242755

67 Nattfarinn the Covered (level 4, -5/29 HPs)
             Began as a Gargoyle Fighter on Jan 17, 2022.
             Slain by a gnoll (8 damage)
             ... on level 4 of the Dungeon.
             The game lasted 00:01:46 (2663 turns).

Nattfarinn the Covered (Gargoyle Fighter)           Turns: 2663, Time: 00:01:47

Health: -5/29      AC: 10    Str: 21    XL:     4   Next: 16%
Magic:  4/4        EV:  9    Int: 15    God:
Gold:   77         SH:  4    Dex:  9    Spells: 3/3 levels left

rFire   . . .      SeeInvis .   a - +0 flail
rCold   . . .      Faith    .   c - +0 buckler
rNeg    + . .      Spirit   .   b - +0 scale mail
rPois   ∞          Reflect  .   (no helmet)
rElec   +          Harm     .   (no cloak)
rCorr   .          Rampage  .   (no gloves)
Will    .....                   (no boots)
Stlth   ..........              (no amulet)
HPRegen 0.09/turn               j - +6 ring of intelligence
MPRegen 0.09/turn               (no ring)

@: no status effects
A: sickness immunity, AC +3, negative energy resistance 1, electricity
resistance, torment resistance 1, petrification resistance
a: no special abilities


You were on level 4 of the Dungeon.
You visited 1 branch of the dungeon, and saw 4 of its levels.

You collected 77 gold pieces.

Inventory:

Hand Weapons
 a - a +0 flail (weapon)
Missiles
 k - a throwing net (quivered)
Armour
 b - a +0 scale mail (worn)
 c - a +0 buckler (worn)
Jewellery
 j - a +6 ring of intelligence (left hand)
 n - a ring of protection from fire
 o - a ring of flight
Scrolls
 f - a scroll of amnesia {unknown}
 g - 3 scrolls of identify {unknown}
 i - 2 scrolls of magic mapping {unknown}
 l - a scroll of noise {unknown}
 m - a scroll of fog {unknown}
 p - a scroll of holy word {unknown}
 r - a scroll of teleportation {unknown}
Potions
 d - a potion of might
 e - a potion of curing {unknown}
 h - a potion of heal wounds {unknown}
 q - a potion of ambrosia {unknown}


   Skills:
 * Level 4.1 Fighting
 + Level 2.5 Maces & Flails
 * Level 4.1 Armour
 + Level 3.6 Shields


You had 3 spell levels left.
You didn't know any spells.
Your spell library contained the following spells:

 Spells                   Type           Power      Damage    Failure   Level
 Ignite Poison            Fire/Tmut/Pois 0%         N/A       95%         3
 Mephitic Cloud           Conj/Pois/Air  0%         N/A       95%         3
 Freezing Cloud           Conj/Ice/Air   0%         6-21      100%        5


Dungeon Overview and Level Annotations

Branches:
Dungeon (4/15)
 Temple: D:4-7

Altars:
Makhleb
Nemelex Xobeh

Shops:
D:1 *


Innate Abilities, Weirdness & Mutations

You are immune to sickness and miasma.
Your stone body is resilient. (AC +3)
You are immune to poison.
You resist negative energy. (rN+)
You are resistant to electric shocks. (rElec)
You are resistant to unholy torment.
You are immune to petrification.


Message History

Done exploring.
Done exploring.
Done exploring.
Done exploring.
Done exploring.
(D) Dungeon
Where to? (Enter - D:3, ? - help)
There is an open door here.
There is a stone staircase leading down here.
You climb downwards.
You hear the sound of rushing water.
There is an entrance to a sewer on this level.
Hurry and find it before the portal rusts away!
The gnoll shaman shouts!
The gnoll shouts!
You hear a shout! x2
There is a stone staircase leading up here.
You sock the gnoll!
The gnoll is almost dead.
You block the gnoll's attack. The gnoll hits you with a +0 whip.
A gnoll comes into view. It is wielding a +0 club.
The gnoll shaman calls upon its god to heal the gnoll.
The gnoll is healed somewhat.
You sock the gnoll!
You kill the gnoll!
The gnoll hits you but does no damage.
A gnoll comes into view. It is wielding a +0 halberd.
You barely miss the gnoll shaman. The gnoll barely misses you.
The gnoll shaman hits you with a +0 whip!
The gnoll barely misses you.
The gnoll shaman hits you with a +0 whip!
The gnoll hits you but does no damage.
You hit the gnoll shaman.
The gnoll shaman is lightly wounded.
The gnoll hits you but does no damage. x2
The gnoll shaman hits you with a +0 whip.
* * * LOW HITPOINT WARNING * * *
You block the gnoll's attack. The gnoll barely misses you.
The gnoll shaman hits you with a +0 whip.
* * * LOW HITPOINT WARNING * * *
The gnoll hits you from afar with a +0 halberd!
You die... #### #..# #..# #..## ggg

#g#
#@#
#.#
..#
##.#
...
#..
...
##.#


You could see a gnoll shaman and 3 gnolls.

Vanquished Creatures
  A gnoll (D:4)
  2 adders (D:2)
  3 worms
  An orc (D:3)
  2 endoplasms
  2 giant cockroaches
  A goblin (D:3)
  2 hobgoblins (D:1)
  6 kobolds
  5 ball pythons
  4 bats
  2 frilled lizards (D:2)
  4 rats
35 creatures vanquished.

Vanquished Creatures (others)
  A fungus (D:2)
1 creature vanquished.

Grand Total: 36 creatures vanquished

Notes
Turn   | Place    | Note
-------+----------+-------------------------------------------
     0 | D:1      | Nattfarinn the Gargoyle Fighter began the quest for the
                  | Orb.
     0 | D:1      | Reached XP level 1. HP: 14/14 MP: 1/1
   426 | D:1      | Reached XP level 2. HP: 16/19 MP: 2/2
   629 | D:1      | Found Raxoodui's General Store.
   795 | D:2      | Found a burning altar of Makhleb.
   833 | D:2      | Reached XP level 3. HP: 10/24 MP: 3/3
  1661 | D:2      | Found a faded altar of an unknown god.
  2362 | D:3      | Found a sparkling altar of Nemelex Xobeh.
  2406 | D:3      | Reached XP level 4. HP: 29/29 MP: 4/4
  2663 | D:4      | Slain by a gnoll

Illustrated notes

Levels and vault maps discovered:
D:1:      minmay_arrival_doors, layout_basic, serial_shops,
          nicolae_diamond_shop, hangedman_decor_push
D:2:      layout_loops_ring, dreamdust_ecumenical_altar_hidden_monk_grotto,
          basic_altar
D:3:      layout_basic, general_overflow_altar
D:4:      layout_loops_corners, nzn_wu_jian_contemplation, led_sif_book,
          gup_sewer_entry_spiral, serial_shops, shop_coins, uniq_edmund

Skill      XL: |  1  2  3 |
---------------+----------+-----
Fighting       | 4 |  4.1
Armour         | 4 |  4.1
Maces & Flails | |  2.5
Shields        | |  3.6

Action                   |  1- 3 |  4- 6 || total
-------------------------+-------+-------++-------
Melee: Flail             |   110 |     4 ||   114
Armor: Scale mail        |    49 |     4 ||    53
Dodge: Dodged            |    56 |     3 ||    59
Block: Buckler           |    17 |     2 ||    19

Table legend: (Time is in decaauts)
 A = Elapsed time spent in this place.
 B = Non-inter-level travel time spent in this place.
 C = Inter-level travel time spent in this place.
 D = Time resting spent in this place.
 E = Time spent auto-exploring this place.
 F = Levels seen in this place.
 G = Mean time per level.
                   A        B        C        D        E       F      G
               +--------+--------+--------+--------+--------+-----+--------+
         Total |   2697 |   2598 |     99 |      0 |   2311 |   4 |  674.2 |
       Dungeon |   2697 |   2598 |     99 |      0 |   2311 |   4 |  674.2 |
               +--------+--------+--------+--------+--------+-----+--------+

Top non-repeatable levels by time:
     D:2: 1075 daAuts
     D:3: 838 daAuts
     D:1: 777 daAuts
     D:4: 6 daAuts
